 Dungeon Crawl Stone Soup version 0.29-a0-275-g389c0b56f3 (webtiles) character file.

Game seed: 9095162947826490612

100 siradein the Skirmisher (level 4, -3/48 HPs)
             Began as an Ogre Hunter on Mar 10, 2022.
             Slain by a lemure (9 damage)
             ... led by Pikel
             ... on level 3 of the Dungeon.
             The game lasted 00:03:18 (2791 turns).

siradein the Skirmisher (Ogre Hunter)               Turns: 2791, Time: 00:03:18

Health: -3/48      AC:  3    Str: 16    XL:     4   Next: 74%
Magic:  4/4        EV: 10    Int: 12    God:
Gold:   92         SH:  0    Dex: 11    Spells: 3/3 levels left

rFire   . . .      SeeInvis .   g - +1 dagger (vamp)
rCold   . . .      Faith    .   (no shield)
rNeg    . . .      Spirit   .   b - +0 robe
rPois   .          Reflect  .   (helmet restricted)
rElec   .          Harm     .   (no cloak)
rCorr   +          Rampage  .   (gloves unavailable)
Will    .....                   (boots unavailable)
Stlth   +.........              (no amulet)
HPRegen 0.16/turn               l - ring of resist corrosion
MPRegen 0.09/turn               (no ring)

@: no status effects
A: large, unfitting armour, tough skin 1
a: no special abilities


You were on level 3 of the Dungeon.
You visited 1 branch of the dungeon, and saw 4 of its levels.

You collected 92 gold pieces.

Inventory:

Hand Weapons
 a - a +1 shortbow
 g - a +1 vampiric dagger (weapon)
Armour
 b - a +0 robe (worn)
Jewellery
 l - a ring of resist corrosion (left hand)
Wands
 j - a wand of acid (10)
Scrolls
 c - 2 scrolls of immolation
 d - 4 scrolls of identify {unknown}
 e - 2 scrolls of teleportation {unknown}
 i - a scroll of enchant armour {unknown}
 n - a scroll of fog {unknown}
Potions
 f - a potion of haste {unknown}
 h - a potion of might {unknown}
 k - a potion of curing {unknown}
 m - a potion of flight {unknown}


   Skills:
 + Level 4.3 Fighting
 + Level 3.5 Bows
 + Level 2.8 Dodging
 - Level 0.6 Stealth


You had 3 spell levels left.
You didn't know any spells.
Your spell library was empty.

Dungeon Overview and Level Annotations

Branches:
Dungeon (4/15)
 Temple: D:4-7

Altars:
Makhleb

Annotations:
D:1 2 transporters
D:4 Pikel


Innate Abilities, Weirdness & Mutations

You are too large for most types of armour.
You have tough skin. (AC +1)


Message History

* * * LOW HITPOINT WARNING * * *
You completely miss the lemure.
The lemure is heavily wounded.
The lemure barely misses you.
You hit the lemure but do no damage.
The lemure is heavily wounded.
The lemure closely misses you.
You closely miss the lemure.
The lemure is heavily wounded.
The lemure misses you.
You completely miss the lemure.
The lemure is heavily wounded.
The lemure closely misses you.
You closely miss the lemure.
The lemure is heavily wounded.
The lemure closely misses you.
You hit the lemure but do no damage.
The lemure is heavily wounded.
The lemure misses you.
You hit the lemure.
The lemure is severely wounded.
The lemure closely misses you.
You hit the lemure but do no damage.
The lemure is severely wounded.
The lemure hits you.
* * * LOW HITPOINT WARNING * * *
You hit the lemure but do no damage.
The lemure is severely wounded.
The lemure hits you but does no damage.
You hit the lemure but do no damage.
The lemure is severely wounded.
The lemure hits you.
* * * LOW HITPOINT WARNING * * *
You hit the lemure.
The lemure is severely wounded.
The lemure barely misses you.
You closely miss the lemure.
The lemure is severely wounded.
The lemure hits you!
You die...

..........#.###
.######...#.######
..........>......#
#.#####...##.###.#
#..####...##.# #.#
#.........##.# #.#
####......##.# #.#
#..........#.# #5#
#........#...# #@#
#.###<.....### #.#
..........## #.#
.####..)########.#
.# #............#
.####.#.##########
........#
......### #######


You could see a lemure.

Vanquished Creatures
  2 adders (D:3)
  A worm (D:2)
  9 ball pythons
  9 endoplasms
  3 giant cockroaches
  2 goblins
  8 hobgoblins
  8 jackals
  5 quokkas (D:1)
  6 bats
  3 frilled lizards
  5 kobolds
  7 rats
68 creatures vanquished.

Notes
Turn   | Place    | Note
-------+----------+-------------------------------------------
     0 | D:1      | siradein the Ogre Hunter began the quest for the Orb.
     0 | D:1      | Reached XP level 1. HP: 22/22 MP: 1/1
   437 | D:1      | Reached skill level 3 in Fighting
   445 | D:1      | Reached XP level 2. HP: 31/31 MP: 2/2
  1068 | D:1      | Reached XP level 3. HP: 37/37 MP: 3/3
  1318 | D:2      | Found a faded altar of an unknown god.
  1654 | D:2      | Found a burning altar of Makhleb.
  1731 | D:2      | Reached XP level 4. HP: 48/48 MP: 4/4
  1737 | D:2      | Reached skill level 4 in Fighting
  2729 | D:4      | Noticed a lemure
  2729 | D:4      | Noticed a lemure
  2729 | D:4      | Noticed a lemure
  2729 | D:4      | Noticed a lemure
  2729 | D:4      | Noticed Pikel
  2791 | D:3      | Slain by a lemure

Illustrated notes

Levels and vault maps discovered:
D:1:      spicycebolla_arrival_teleporter_tutorial, layout_basic, st_stairs_7,
          minmay_door_square, chequers_jeans, minmay_liquid_box
D:2:      layout_basic, basic_altar, hellmonk_ecumenical_altar_slurped_away,
          chequers_serial_rivers_micro_a
D:3:      layout_loops_ring
D:4:      layout_gridville, minmay_temple_entry_slanted, serial_bayou_pond_d,
          serial_bayou_ford_a, roderic_lattice_a, chequers_garden,
          minmay_manual_moon, uniq_pikel

Skill      XL: |  1  2  3  4 |
---------------+-------------+-----
Bows           | 3 |  3.5
Fighting       | 3 4 |  4.3
Dodging        | 2 |  2.8
Stealth        | |  0.6

Action                   |  1- 3 |  4- 6 || total
-------------------------+-------+-------++-------
Melee: Dagger            |    20 |    27 ||    47
 Fire: Shortbow          |   107 |    59 ||   166
Armor: Robe              |    14 |    14 ||    28
Dodge: Dodged            |    33 |    35 ||    68

Table legend: (Time is in decaauts)
 A = Elapsed time spent in this place.
 B = Non-inter-level travel time spent in this place.
 C = Inter-level travel time spent in this place.
 D = Time resting spent in this place.
 E = Time spent auto-exploring this place.
 F = Levels seen in this place.
 G = Mean time per level.
                   A        B        C        D        E       F      G
               +--------+--------+--------+--------+--------+-----+--------+
         Total |   2848 |   2783 |     65 |      0 |   2355 |   4 |  712.0 |
       Dungeon |   2848 |   2783 |     65 |      0 |   2355 |   4 |  712.0 |
               +--------+--------+--------+--------+--------+-----+--------+

Top non-repeatable levels by time:
     D:1: 1333 daAuts
     D:3: 763 daAuts
     D:2: 695 daAuts
     D:4: 56 daAuts
